 Dungeon Crawl Stone Soup version 0.30.0-5-g1a98f26d00 (webtiles) character file.

Game seed: 12905022756530826348

23246 SnakkuSnakku7 the Martial Artist (level 13, -2/68 HPs)
             Began as a Vine Stalker Fire Elementalist on May 13, 2023.
             Slain by a death yak (13 damage)
             ... on level 5 of the Lair of Beasts.
             The game lasted 00:18:10 (11171 turns).

SnakkuSnakku7 the Martial Artist (VSFE)            Turns: 11171, Time: 00:18:10

Health: -2/68      AC: 27    Str: 15    XL:     13   Next: 5%
Magic:  0/17       EV: 14    Int: 18    God:
Gold:   1166       SH:  5    Dex: 16    Spells: 15/16 levels left

rFire   . .          .
                       - Unarmed
rCold   x . .        s - +0 buckler
rNeg    . . .        B - +6 chain mail "Ihaaw" {+Blink rC- rCorr Stlth+}
rPois   .            i - +0 helmet
rElec   .            (no cloak)
rCorr   +            R - +0 pair of gloves "Fevam" {Slay+3}
SInv    .            m - +2 pair of boots of Courage {Will+ rCorr Int+3}
Will    ++...        t - amulet of faith
Stlth   +            y - +5 ring of evasion
HPRegen 1.11/turn    G - +4 ring of protection
MPRegen 0.15/turn

%: guardian spirit, faith
@: no status effects
A: fangs 3, regeneration 1, magic shield, antimagic bite, no potion heal 2
a: Evoke Blink


You were on level 5 of the Lair of Beasts.
You visited 2 branches of the dungeon, and saw 15 of its levels.
You also visited: Sewer and Bailey.

You collected 1166 gold pieces.

Inventory:

Missiles
 a - 8 curare-tipped darts
 C - 3 throwing nets
Armour
 c - a +1 chain mail of cold resistance
 d - a +0 pair of gloves
 i - a +0 helmet (worn)
 m - the +2 pair of boots of Courage (worn) {Will+ rCorr Int+3}
   (You found it on level 2 of the Dungeon)

   Int:       It affects your intelligence (+3).
   rCorr:     It protects you from acid and corrosion.
   Will:      It increases your willpower.
 s - a +0 buckler (worn)
 v - a +0 plate armour
 B - the +6 chain mail "Ihaaw" (worn) {+Blink rC- rCorr Stlth+}
   (You found it on level 5 of the Dungeon)

   rC:        It makes you vulnerable to cold.
   +Blink:    It lets you blink.
   rCorr:     It protects you from acid and corrosion.
   Stlth:     It makes you more stealthy.
 R - the +0 pair of gloves "Fevam" (worn) {Slay+3}
   (You found it on level 9 of the Dungeon)

   Slay:      It affects your accuracy & damage with ranged weapons and melee
   (+3).
Jewellery
 t - an amulet of faith (around neck)
 y - a +5 ring of evasion (left hand)
 G - a +4 ring of protection (right hand)
 I - a ring of magical power
 U - a ring of protection from cold
 V - a ring of resist corrosion
Wands
 l - a wand of paralysis (3)
 n - a wand of roots (13)
 N - a wand of digging (7)
 O - a wand of polymorph (7)
 T - a wand of flame (17)
 Z - a wand of light (5)
Scrolls
 e - 5 scrolls of enchant weapon {unknown}
 h - 12 scrolls of identify {unknown}
 j - 3 scrolls of blinking
 o - a scroll of amnesia {unknown}
 p - 5 scrolls of teleportation {unknown}
 r - a scroll of enchant armour {unknown}
 u - 6 scrolls of noise {unknown}
 x - a scroll of magic mapping {unknown}
 E - 2 scrolls of torment {unknown}
 K - 2 scrolls of brand weapon {unknown}
 M - a scroll of fog {unknown}
 P - a scroll of immolation {unknown}
 Q - 2 scrolls of poison {unknown}
 S - 2 scrolls of fear {unknown}
 Y - a scroll of summoning {unknown}
Potions
 b - 3 potions of magic
 f - 2 potions of brilliance {unknown}
 g - 4 potions of might {unknown}
 k - 4 potions of mutation {unknown}
 q - 6 potions of curing
 w - 2 potions of flight {unknown}
 z - a potion of cancellation {unknown}
 A - 5 potions of lignification {unknown}
 D - 2 potions of berserk rage {unknown}
 F - a potion of invisibility {unknown}
 H - 3 potions of ambrosia {unknown}
 L - 3 potions of haste {unknown}
 W - a potion of resistance {unknown}
 X - a potion of degeneration {unknown}


   Skills:
 - Level 8.0 Fighting
 - Level 10.0 Armour
 + Level 5.6 Dodging
 - Level 2.4 Stealth
 - Level 4.0 Shields
 - Level 12.0 Unarmed Combat
 - Level 2.1 Spellcasting
 - Level 1.0 Conjurations
 - Level 3.0 Fire Magic
 - Level 6.3 Evocations


You had 15 spell levels left.
You knew the following spells:

 Your Spells              Type           Power      Damage    Failure   Level
a - Foxfire               Conj/Fire      36%        2x1d5     67%         1

Your spell library contained the following spells:

 Spells                   Type           Power      Damage    Failure   Level
 Scorch                   Fire           24%        2d6       67%         2
 Magic Dart               Conj           20%        1d4       80%         1
 Slow                     Hex            4%         N/A       91%         1
 Call Imp                 Summ           2%         N/A       97%         2
 Inner Flame              Hex/Fire       7%         N/A       98%         3
 Volatile Blastmotes      Fire/Tloc      14%        2d11      98%         3
 Confusing Touch          Hex            1%         N/A       99%         3
 Dazzling Flash           Conj/Hex       6%         N/A       99%         3
 Mephitic Cloud           Conj/Pois/Air  3%         N/A       99%         3
 Ozocubu's Armour         Ice            1%         N/A       99%         3
 Vampiric Draining        Necr           1%         2d6       99%         3
 Flame Wave               Conj/Fire      9%         2d6       100%        4
 Iskenderun's Mystic Bla  Conj/Tloc      3%         2d3       100%        4
 Metabolic Englaciation   Hex/Ice        0%         N/A       100%        5
 Simulacrum               Ice/Necr       0%         N/A       100%        6
 Starburst                Conj/Fire      4%         6d4       100%        6
 Ozocubu's Refrigeration  Ice            0%         4d7       100%        7


Dungeon Overview and Level Annotations

Branches:
Dungeon (11/15)            Temple (0/1) D:6            Lair (3/5) D:11
 Spider (0/4) Lair:2          Orc (0/2) D:9           Sewer (visited)
 Bailey (visited)
  Swamp: Lair:2-3    Shoals: Lair:2-3

Altars:
Ashenzari
Dithmenos
Elyvilon
Fedhas
Gozag
Hepliaklqana
Makhleb
Nemelex Xobeh
Qazlal
Sif Muna
Wu Jian
Xom
Yredelemnul
Zin
The Shining One

Shops:
D:7 *   D:8 *

Annotations:
D:4 2 transporters, Dordric's ghost, amateur GnHu


Innate Abilities, Weirdness & Mutations

You have razor-sharp teeth.
Your natural rate of healing is unusually fast.
When hurt, damage is shared between your health and your magic reserves.
Your bite disrupts and absorbs the magic of your enemies.
Potions cannot restore your health.


Message History

A death yak comes into view.
The death yak bellows!
You closely miss the komodo dragon. Your bite misses the komodo dragon.
The komodo dragon is severely wounded.
The komodo dragon closely misses you.
You punch the komodo dragon!
You bite the komodo dragon, but do no damage.
The komodo dragon is almost dead.
The death yak gores you!!
* * * LOW HITPOINT WARNING * * *
You hit the death yak but do no damage.
You bite the death yak, but do no damage.
The death yak barely misses you.
The dream sheep ruffles its wool and motes of dream dust sparkle, to no effect.
Aiming: Bolt of Light
Press: ? - help, Shift-Dir - straight line, f - death yak
Aim: a death yak (91% to hit)
The bolt of light hits the death yak!!
The death yak is moderately wounded.
The death yak is blinded.
The bolt of light misses the dream sheep.
The bolt of light misses the death yak.
The bolt of light hits the death yak!
The death yak is lightly wounded.
The death yak is blinded.
The death yak gores you.
* * * LOW HITPOINT WARNING * * *
You block the death yak's attack.
Unknown command.
Aiming: Bolt of Light
Press: ? - help, Shift-Dir - straight line, f/p - death yak
Aim: a death yak (lightly wounded, blind, 91% to hit)
The bolt of light hits the death yak!
The death yak is heavily wounded.
The bolt of light hits the dream sheep!!
You kill the dream sheep!
The bolt of light hits the komodo dragon!!
You kill the komodo dragon!
The bolt of light hits the death yak!!
The death yak is moderately wounded.
The death yak gores you!
You die...

#####..........
.#P.............
..P.............
..........##...#
.......Y.## ...
#.......## .#
####..Y.# .
##..Y## #.YY@#
#..### #....
#..... ?....P.
...##.. ... #..


You could see 5 death yaks.

Vanquished Creatures
  2 vault guards (Bailey)
  3 two-headed ogres
  A death knight (D:8)
  A death yak (Lair:5)
  A tengu warrior (D:8)
  Sonja (Lair:3)
  2 skysharks
  A skeletal warrior (D:9)
  Pikel (D:4)
  A cyclops (D:11)
  An elephant (Lair:3)
  A black mamba (Lair:2)
  4 cane toads
  An unseen horror (D:11)
  8 komodo dragons
  A polar bear (Lair:3)
  A troll (D:8)
  Prince Ribbit (D:6)
  A blink frog (Bailey)
  A dream sheep (Lair:5)
  A jumping spider (Lair:2)
  A wraith (D:11)
  4 wyverns
  9 yaks
  A vampire (D:11)
  3 basilisks (Lair:2)
  4 humans (Bailey)
  3 redbacks (Lair:2)
  Eustachio (D:6)
  3 vampire mosquitoes (D:11)
  2 steam dragons
  12 water moccasins
  2 orc warriors
  2 black bears
  An ogre (D:5)
  5 centaurs
  8 wolves (Lair:2)
  3 phantoms (D:6)
  3 kobold brigands (D:8)
  15 bullfrogs
  A gnoll sergeant (D:10)
  2 scorpions (D:5)
  A wyvern zombie (D:7)
  2 wights (D:8)
  9 killer bees
  3 howler monkeys (D:9)
  2 jellies (D:6)
  A centaur zombie (D:7)
  4 hounds
  5 orc priests
  6 gnoll boudas
  Natasha (twice) (D:3)
  4 iguanas
  7 orc wizards
  A sleepcap (D:4)
  32 gnolls
  6 adders
  3 shadow imps
  3 white imps
  2 ufetubi
  3 worms
  2 dart slugs
  28 orcs
  2 bats
  19 endoplasms
  14 giant cockroaches
  8 goblins
  7 hobgoblins
  6 jackals
  11 kobolds
  17 quokkas
  13 ball pythons
  15 frilled lizards
  11 rats
  A butterfly (Lair:1)
370 creatures vanquished.

Vanquished Creatures (others)
  An unseen horror (D:10)
1 creature vanquished.

Grand Total: 371 creatures vanquished

Notes
Turn   | Place    | Note
-------+----------+-------------------------------------------
     0 | D:1      | SnakkuSnakku7 the Vine Stalker Fire Elementalist began the
                  | quest for the Orb.
     0 | D:1      | Reached XP level 1. HP: 9/9 MP: 4/4
    77 | D:1      | Reached skill level 1 in Fighting
    77 | D:1      | Reached skill level 1 in Unarmed Combat
    77 | D:1      | Reached XP level 2. HP: 7/14 MP: 3/6
   477 | D:1      | Reached XP level 3. HP: 18/18 MP: 7/7
   878 | D:2      | Reached skill level 2 in Unarmed Combat
  1072 | D:2      | Identified the +2 pair of boots of Courage {Will+ rCorr
                  | Int+3}
  1569 | D:3      | Gained mutation: Your natural rate of healing is unusually
                  | fast. [Vine Stalker growth]
  1569 | D:3      | Reached XP level 4. HP: 23/23 MP: 8/8
  1591 | D:3      | Reached skill level 3 in Unarmed Combat
  1623 | D:3      | Found a blossoming altar of Fedhas.
  1861 | D:3      | Found a broken altar of Ashenzari.
  2017 | D:3      | Reached XP level 5. HP: 26/26 MP: 9/9
  2083 | D:3      | Noticed Natasha
  2090 | D:3      | Killed Natasha
  2091 | D:3      | Reached skill level 4 in Unarmed Combat
  2116 | D:3      | Noticed Natasha
  2128 | D:3      | Killed Natasha
  2278 | D:4      | Found a hazy altar of Hepliaklqana.
  2308 | D:4      | Noticed a black bear
  2323 | D:4      | Killed a black bear
  2324 | D:4      | Reached skill level 5 in Unarmed Combat
  2324 | D:4      | Reached XP level 6. HP: 19/30 MP: 7/10
  2334 | D:4      | Found a transporter.
  2340 | D:4      | Noticed Dordric's ghost (amateur GnHu)
  2343 | D:4      | Found a transporter.
  2554 | D:4      | Found a glowing drain.
  2580 | Sewer    | Entered a sewer
  2652 | Sewer    | Reached skill level 6 in Unarmed Combat
  2851 | Sewer    | Reached XP level 7. HP: 25/35 MP: 7/11
  2867 | Sewer    | Reached skill level 7 in Unarmed Combat
  3008 | D:4      | Found a sparkling altar of Nemelex Xobeh.
  3008 | D:4      | Found an opulent altar of Gozag.
  3032 | D:4      | Noticed Pikel
  3059 | D:4      | Killed Pikel
  3060 | D:4      | Reached skill level 8 in Unarmed Combat
  3060 | D:4      | Gained mutation: You have razor-sharp teeth. [Vine Stalker
                  | growth]
  3060 | D:4      | Reached XP level 8. HP: 27/39 MP: 9/12
  3105 | D:4      | Found an ornate altar of the Wu Jian Council.
  3219 | D:5      | Entered Level 5 of the Dungeon
  3292 | D:5      | Found a glowing golden altar of the Shining One.
  3311 | D:5      | Reached skill level 1 in Shields
  3311 | D:5      | Reached skill level 9 in Unarmed Combat
  3317 | D:5      | Identified the +6 chain mail "Ihaaw" {+Blink rC- rCorr
                  | Stlth+}
  3948 | D:6      | Reached XP level 9. HP: 42/42 MP: 13/13
  3988 | D:6      | Reached skill level 10 in Unarmed Combat
  3990 | D:6      | Found a staircase to the Ecumenical Temple.
  3998 | D:6      | Noticed Eustachio
  4004 | D:6      | Killed Eustachio
  4099 | D:6      | Identified the +0 leather armour of Udeaxoac {Rampage Int+4
                  | Dex-2}
  4308 | D:6      | Noticed Prince Ribbit
  4329 | D:6      | Killed Prince Ribbit
  4521 | D:6      | Reached skill level 11 in Unarmed Combat
  5109 | D:7      | Found Zin's Purification Station.
  5111 | D:7      | Found a glowing silver altar of Zin.
  5309 | D:7      | Found a burning altar of Makhleb.
  5309 | D:7      | Found a shadowy altar of Dithmenos.
  5516 | D:7      | Found a basalt altar of Yredelemnul.
  5669 | D:8      | Paralysed by a gnoll for 4 turns
  5741 | D:8      | Reached skill level 12 in Unarmed Combat
  5820 | D:8      | Reached XP level 10. HP: 50/50 MP: 14/14
  5848 | D:8      | Reached skill level 5 in Fighting
  5887 | D:8      | Found a flagged portal.
  5896 | Bailey   | Entered a bailey
  6030 | Bailey   | Noticed a vault guard
  6083 | Bailey   | Killed a vault guard
  6129 | Bailey   | Noticed a vault guard
  6148 | Bailey   | Killed a vault guard
  6228 | D:8      | Found a white marble altar of Elyvilon.
  6278 | D:8      | Reached XP level 11. HP: 54/60 MP: 13/15
  6413 | D:8      | Noticed a tengu warrior
  6424 | D:8      | Killed a tengu warrior
  6425 | D:8      | Reached skill level 5 in Evocations
  6439 | D:8      | Found Kiacim's Elemental Accessories.
  6797 | D:8      | Identified the +7 spear of Utoruite {heavy, rF- rN+ rCorr
                  | MP+9}
  6953 | D:9      | Noticed a skeletal warrior
  6984 | D:9      | Found a staircase to the Orcish Mines.
  6993 | D:9      | Identified the +0 pair of gloves "Fevam" {Slay+3}
  7226 | D:9      | Noticed a two-headed ogre
  7236 | D:9      | Killed a two-headed ogre
  7513 | D:10     | Entered Level 10 of the Dungeon
  7558 | D:10     | Found a stormy altar of Qazlal.
  7573 | D:10     | Noticed a two-headed ogre
  7583 | D:10     | Killed a two-headed ogre
  7790 | D:10     | Reached skill level 5 in Armour
  7851 | D:10     | Found a shimmering altar of Xom.
  7854 | D:10     | Found a shimmering altar of Xom.
  7854 | D:10     | Found a shimmering altar of Xom.
  7854 | D:10     | Found a shimmering altar of Xom.
  7953 | D:10     | Found a shimmering blue altar of Sif Muna.
  8365 | D:9      | Killed a skeletal warrior
  8374 | D:9      | Noticed a death knight
  8374 | D:9      | Noticed a skeletal warrior
  8376 | D:9      | Noticed a skeletal warrior
  8427 | D:8      | Killed a death knight
  8558 | D:11     | Noticed a two-headed ogre
  8569 | D:11     | Killed a two-headed ogre
  8643 | D:11     | Noticed a cyclops
  8644 | D:11     | Reached XP level 12. HP: 64/64 MP: 16/16
  8941 | D:11     | Found a staircase to the Lair.
  9213 | Lair:1   | Entered Level 1 of the Lair of Beasts
  9560 | Lair:1   | Noticed a skyshark
  9572 | Lair:1   | Killed a skyshark
 10253 | Lair:2   | Found a hole to the Spider Nest.
 10525 | Lair:2   | Reached skill level 10 in Armour
 10756 | Lair:2   | Noticed a skyshark
 10778 | Lair:2   | Killed a skyshark
 11076 | Lair:3   | Noticed Sonja
 11097 | Lair:3   | Killed Sonja
 11098 | Lair:3   | Reached skill level 5 in Dodging
 11098 | Lair:3   | Reached XP level 13. HP: 55/68 MP: 17/17
 11142 | Lair:3   | You fall into a shaft and drop 2 floors!
 11142 | Lair:5   | Entered Level 5 of the Lair of Beasts
 11171 | Lair:5   | Slain by a death yak

Illustrated notes

Levels and vault maps discovered:
D:1:      minmay_arrival_nine_rooms, layout_basic
D:2:      layout_basic, nicolae_concentric_dashed_squares_mild,
          chequers_serial_rivers_micro_e
D:3:      kb_forest_paths, layout_basic, nicolae_overflow_hidden_temple,
          amcnicky_altar_gilded, uniq_natasha
D:4:      layout_basic, grunt_temple_overflow_opulence,
          mainiacjoe_overflow_small_starburst, lemuel_coloured_pillars_altar,
          gammafunk_ghost_arena, gup_sewer_entry_bubbles, uniq_pikel
D:5:      layout_cave_pools, overflow_temple_1_default, minmay_door_square
D:6:      layout_basic, minmay_temple_entry_trees, kennysheep_cross_bottleneck,
          uniq_eustachio, uniq_prince_ribbit1
D:7:      layout_loops_ring, zin_purify, amethyst_overflow_temple_binary,
          lemuel_zombie_altar_yredelemnul, kennysheep_generic_room_6
D:8:      nzn_winding_woodlands_small [nzn_winding_woodlands_5x15_sawtooth,
          nzn_winding_woodlands_center_garden,
          nzn_winding_woodlands_5x15_cabin], layout_layer_cave,
          kennysheep_mini_moat, enter_bailey_6, nicolae_elemental_shop,
          supply_closet_lemuel
D:9:      layout_loops_cross, orc_0_dummy
D:10:     layout_long_grid, grunt_qazlal_sundering, xom_redecorated,
          nicolae_sif_muna_little_library
D:11:     layout_roguey, david_lair_shrubbed
Lair:1:   layout_cave_pods, serial_bayou_shore_b, lemuel_fruit_fields,
          infiniplex_staircase_pool, grunt_megastairs_1, lemuel_fruit_tree
Lair:2:   layout_gridlike, spider_nest_entry_a, beast_lair_carwin_5
Lair:3:   layout_regular_city, swamp_mist, wad_woods_river_01, uniq_sonja
Lair:5:   hangedman_lair_caniforms_friends, layout_layer_cave,
          guppyfry_lair_end_dragon, nicolae_slime_entry_slimehenge,
          ebering_ghost_funeral_grove, st_stairs_3, serial_bayou_shore_a

Skill      XL: |  1  2  3  4  5  6  7  8  9 10 11 12 |
---------------+-------------------------------------+-----
Fighting       | 1 2 4 8 |  8.0
Unarmed Combat | 1 2 3 5 6 8 9 12 | 12.0
Shields        | 3 4 |  4.0
Evocations     | 4 6 |  6.3
Armour         | 6 10 | 10.0
Dodging        | 5 |  5.6
Stealth        | |  2.4
Spellcasting   | |  2.1
Conjurations   | |  1.0
Fire Magic     | |  3.0

Action                     |  1- 3 |  4- 6 |  7- 9 | 10-12 | 13-15 || total
---------------------------+-------+-------+-------+-------+-------++-------
  Melee: Unarmed           |   142 |   255 |   417 |   694 |    28 ||  1536
         Bite              |    32 |    65 |   135 |   247 |    13 ||   492
         Punch             |     1 |     5 |     7 |       |       ||    13
  Throw: Dart              |       |       |       |     1 |       ||     1
  Evoke: Wand              |       |       |       |    13 |     2 ||    15
   Stab: Sleeping          |     2 |       |       |       |       ||     2
         Paralysed         |       |       |       |    11 |       ||    11
 Armour: Ring mail         |    57 |    52 |       |       |       ||   109
         Robe              |     1 |       |       |       |       ||     1
         Plate armour      |       |   171 |    88 |       |       ||   259
         Chain mail        |       |       |   192 |   369 |    12 ||   573
  Dodge: Dodged            |    71 |    58 |   204 |   362 |    26 ||   721
  Block: Buckler           |       |       |    53 |   159 |     7 ||   219
